SAA
LONG ISLAND SEAWOLVES @ SALEM MISFITS
08/23/2030
 
TOP OF THE 1ST
Long Island Seawolves batting - Pitching for Salem Misfits : RHP Gary Jordan
Pitching: RHP Gary Jordan
Batting: SHB Josh Sanders 0-0: Called Strike
0-1: DOUBLE (Line Drive, 8RD)
Batting: RHB Abad Lugo 0-0: Ground out 5-3 (Groundball, 56S)
Josh Sanders to third
Batting: RHB Alfredo Escalante 0-0: Ball
1-0: Called Strike
1-1: Foul Ball, location: 2F
1-2: Strikes out swinging
Batting: LHB Pedro Colón 0-0: Swinging Strike
0-1: Ball
1-1: Ball
2-1: Foul Ball, location: 2F
2-2: Foul Ball, location: 2F
2-2: Foul Ball, location: 2F
2-2: Foul Ball, location: 2F
2-2: Ground out 6-3 (Groundball, 6)
Top of the 1st over - 0 runs, 1 hit, 0 errors, 1 left on base; Long Island 0 - Salem 0
BOTTOM OF THE 1ST
Salem Misfits batting - Pitching for Long Island Seawolves : RHP Winston Wenham
Pitching: RHP Winston Wenham
Batting: RHB César Ramos 0-0: Fly out, F3 (Line Drive, 34)
Batting: RHB Jorge Gómez 0-0: DOUBLE (Line Drive, 8RD)
Batting: RHB Robinson Barquero 0-0: Ball
1-0: Ground out 3-1 (Groundball, 34)
Jorge Gómez to third
Batting: RHB Vicente Andros 0-0: Ball
1-0: Fly out, F8 (Line Drive, 8RD)
Bottom of the 1st over - 0 runs, 1 hit, 0 errors, 1 left on base; Long Island 0 - Salem 0
TOP OF THE 2ND
Long Island Seawolves batting - Pitching for Salem Misfits : RHP Gary Jordan
Batting: RHB Jeff MacCamie 0-0: Ground out 1-3 (Groundball, 13S)
Batting: RHB Ricardo Pulido 0-0: Ball
1-0: Ball
2-0: Foul Ball, location: 2F
2-1: Foul Ball, location: 2F
2-2: DOUBLE (Flyball, 89D)
Batting: RHB Emanuel Bree 0-0: Called Strike
0-1: Ball
1-1: Ball
2-1: SINGLE (Groundball, 2R) (infield hit)
Ricardo Pulido to third
Batting: LHB Greg Watkins 0-0: Ball
1-0: Swinging Strike
1-1: Called Strike
1-2: Strikes out swinging
Batting: RHB Dale Quick 0-0: Foul Ball, location: 2F
0-1: Ball
1-1: Ball
2-1: Ball
3-1: 3-RUN HOME RUN (Flyball, 8RD), Distance : 437 ft
Batting: SHB Josh Sanders 0-0: Called Strike
0-1: Ball
1-1: Called Strike
1-2: Strikes out swinging
Top of the 2nd over - 3 runs, 3 hits, 0 errors, 0 left on base; Long Island 3 - Salem 0
BOTTOM OF THE 2ND
Salem Misfits batting - Pitching for Long Island Seawolves : RHP Winston Wenham
Batting: LHB Rodrigo Gómez 0-0: Swinging Strike
0-1: Fly out, F3 (Popup, 3S)
Batting: RHB Austin Case 0-0: Ball
1-0: Ball
2-0: Fly out, F4 (Popup, 4S)
Batting: LHB Tyler Knopp 0-0: Ball
1-0: Ball
2-0: Ground out U3 (Groundball, 34)
Bottom of the 2nd over - 0 runs, 0 hits, 0 errors, 0 left on base; Long Island 3 - Salem 0
TOP OF THE 3RD
Long Island Seawolves batting - Pitching for Salem Misfits : RHP Gary Jordan
Batting: RHB Abad Lugo 0-0: SINGLE (Popup, 4D)
Batting: RHB Alfredo Escalante 0-0: Called Strike
Abad Lugo is caught stealing 2nd base
0-1: Swinging Strike
0-2: Strikes out swinging
Batting: LHB Pedro Colón 0-0: Called Strike
0-1: Ball
1-1: Fly out, F7 (Flyball, 7LMF)
Top of the 3rd over - 0 runs, 1 hit, 0 errors, 0 left on base; Long Island 3 - Salem 0
BOTTOM OF THE 3RD
Salem Misfits batting - Pitching for Long Island Seawolves : RHP Winston Wenham
Batting: RHB Paul O'Neill 0-0: Called Strike
0-1: Ball
1-1: Fly out, F8 (Line Drive, 8LS)
Batting: RHB Octávio Pineda 0-0: Ground out 3-1 (Groundball, 34)
Batting: RHB César Ramos 0-0: Swinging Strike
0-1: Ball
1-1: Ball
2-1: Foul Ball, location: 2F
2-2: SOLO HOME RUN (Flyball, 7D), Distance : 392 ft
Batting: RHB Jorge Gómez 0-0: Ground out 4-3 (Groundball, 4)
Bottom of the 3rd over - 1 run, 1 hit, 0 errors, 0 left on base; Long Island 3 - Salem 1
TOP OF THE 4TH
Long Island Seawolves batting - Pitching for Salem Misfits : RHP Gary Jordan
Batting: RHB Jeff MacCamie 0-0: Foul Ball, location: 2F
0-1: Ball
1-1: Ball
2-1: Ball
3-1: Base on Balls
Batting: RHB Ricardo Pulido 0-0: Foul Ball, location: 2F
0-1: Swinging Strike
0-2: Foul Ball, location: 2F
0-2: Foul Ball, location: 2F
0-2: Ball
1-2: Strikes out swinging
Batting: RHB Emanuel Bree 0-0: Swinging Strike
0-1: Ball
1-1: Ball
2-1: Fly out, F4 (Line Drive, 4MD)
Batting: LHB Greg Watkins 0-0: Ball
1-0: Foul Ball, location: 2F
1-1: Swinging Strike
1-2: Foul Ball, location: 2F
1-2: Strikes out swinging
Top of the 4th over - 0 runs, 0 hits, 0 errors, 1 left on base; Long Island 3 - Salem 1
BOTTOM OF THE 4TH
Salem Misfits batting - Pitching for Long Island Seawolves : RHP Winston Wenham
Batting: RHB Robinson Barquero 0-0: Ball
1-0: Swinging Strike
1-1: Ball
2-1: Ground out 4-3 (Groundball, 4)
Batting: RHB Vicente Andros 0-0: Fly out, F7 (Flyball, 7D)
Batting: LHB Rodrigo Gómez 0-0: Foul Ball, location: 2F
0-1: SINGLE (Groundball, 4MD)
Batting: RHB Austin Case 0-0: Foul Ball, location: 2F
0-1: Ball
1-1: Ground out 4-3 (Groundball, 4S)
Bottom of the 4th over - 0 runs, 1 hit, 0 errors, 1 left on base; Long Island 3 - Salem 1
TOP OF THE 5TH
Long Island Seawolves batting - Pitching for Salem Misfits : RHP Gary Jordan
Batting: RHB Dale Quick 0-0: Ball
1-0: Ball
2-0: Called Strike
2-1: SINGLE (Line Drive, 89S)
Batting: SHB Josh Sanders 0-0: Called Strike
0-1: Bunted foul
0-2: Ball
1-2: Fielders Choice at 2nd, 5-4 (Groundball, 5L)
Batting: RHB Abad Lugo 0-0: Called Strike
0-1: Called Strike
0-2: Fly out, F3 (Popup, 3SF)
Batting: RHB Alfredo Escalante 0-0: Ball
1-0: Foul Ball, location: 2F
1-1: Ball
2-1: Ball
3-1: Called Strike
3-2: Ground out 6-3 (Groundball, 6)
Top of the 5th over - 0 runs, 1 hit, 0 errors, 1 left on base; Long Island 3 - Salem 1
BOTTOM OF THE 5TH
Salem Misfits batting - Pitching for Long Island Seawolves : RHP Winston Wenham
Batting: LHB Tyler Knopp 0-0: Ball
1-0: Ball
2-0: Fly out, F6 (Line Drive, 6M)
Batting: RHB Paul O'Neill 0-0: Called Strike
0-1: Ball
1-1: Ball
2-1: Ground out 4-3 (Groundball, 4S)
Batting: RHB Octávio Pineda 0-0: Ground out 5-3 (Groundball, 56)
Bottom of the 5th over - 0 runs, 0 hits, 0 errors, 0 left on base; Long Island 3 - Salem 1
TOP OF THE 6TH
Long Island Seawolves batting - Pitching for Salem Misfits : RHP Gary Jordan
Batting: LHB Pedro Colón 0-0: Called Strike
0-1: Called Strike
0-2: Ball
1-2: Ball
2-2: Foul Ball, location: 2F
2-2: Ball
3-2: Fly out, F6 (Popup, P)
Batting: RHB Jeff MacCamie 0-0: Called Strike
0-1: Swinging Strike
0-2: Ball
1-2: DOUBLE (Flyball, 78D)
Batting: RHB Ricardo Pulido 0-0: DOUBLE (Flyball, 8LXD)
Jeff MacCamie scores
Batting: RHB Emanuel Bree 0-0: Ball
1-0: Foul Ball, location: 2F
1-1: Called Strike
1-2: Foul Ball, location: 2F
1-2: Ball
2-2: Fly out, F4 (Popup, 4)
Batting: LHB Greg Watkins 0-0: Ball
1-0: Called Strike
1-1: SINGLE (Line Drive, 78M)
Ricardo Pulido to third
Batting: RHB Dale Quick 0-0: Fly out, F1 (Line Drive, 15)
Top of the 6th over - 1 run, 3 hits, 0 errors, 2 left on base; Long Island 4 - Salem 1
BOTTOM OF THE 6TH
Salem Misfits batting - Pitching for Long Island Seawolves : RHP Winston Wenham
Batting: RHB César Ramos 0-0: Called Strike
0-1: Called Strike
0-2: Ball
1-2: SINGLE (Groundball, 6D)
Batting: RHB Jorge Gómez 0-0: Ball
1-0: Bunted foul
1-1: Sac Bunt - play at first, batter OUT! 1-4
César Ramos to second
Batting: RHB Robinson Barquero 0-0: Ball
1-0: Ball
2-0: Ball
3-0: Called Strike
3-1: Ground out 5-3 (Groundball, 56)
Batting: RHB Vicente Andros 0-0: Foul Ball, location: 2F
0-1: Ball
1-1: Ball
2-1: Called Strike
2-2: Ground out 5-3 (Groundball, 56)
Bottom of the 6th over - 0 runs, 1 hit, 0 errors, 1 left on base; Long Island 4 - Salem 1
TOP OF THE 7TH
Long Island Seawolves batting - Pitching for Salem Misfits : RHP Gary Jordan
Batting: SHB Josh Sanders 0-0: Ball
1-0: Ball
2-0: Swinging Strike
2-1: Called Strike
2-2: Foul Ball, location: 2F
2-2: Ball
3-2: Base on Balls
Batting: RHB Abad Lugo 0-0: Called Strike
0-1: Called Strike
Josh Sanders steals 2nd base
0-2: Ball
1-2: Fly out, F6 (Line Drive, 6)
Pitching: RHP Zach Wells
Batting: RHB Alfredo Escalante 0-0: Called Strike
0-1: SINGLE (Flyball, 7LM)
Josh Sanders to third
Runner from 3rd tries for Home, SAFE, throw made home
Batting: LHB Pedro Colón 0-0: Grounds into double play, 4-6-3 (Groundball, 4)
Top of the 7th over - 1 run, 1 hit, 0 errors, 0 left on base; Long Island 5 - Salem 1
BOTTOM OF THE 7TH
Salem Misfits batting - Pitching for Long Island Seawolves : RHP Winston Wenham
Batting: LHB Rodrigo Gómez 0-0: Called Strike
0-1: Swinging Strike
0-2: Foul Ball, location: 2F
0-2: Ball
1-2: Ball
2-2: Ball
3-2: Foul Ball, location: 2F
3-2: Strikes out looking
Batting: RHB Austin Case 0-0: Called Strike
0-1: Foul Ball, location: 2F
0-2: Ball
1-2: Ball
2-2: Ball
3-2: Base on Balls
Batting: LHB Tyler Knopp 0-0: Called Strike
0-1: Swinging Strike
0-2: Ball
1-2: Ball
2-2: Foul Ball, location: 2F
2-2: Ball
3-2: Foul Ball, location: 2F
3-2: SINGLE (Groundball, 34D)
Austin Case to second
Batting: RHB Paul O'Neill 0-0: Called Strike
0-1: Grounds into double play, 6-4-3 (Groundball, 6)
Bottom of the 7th over - 0 runs, 1 hit, 0 errors, 1 left on base; Long Island 5 - Salem 1
TOP OF THE 8TH
Long Island Seawolves batting - Pitching for Salem Misfits : RHP Zach Wells
Batting: RHB Jeff MacCamie 0-0: Ball
1-0: Ball
2-0: Ball
3-0: Called Strike
3-1: Fly out, F8 (Flyball, 8RS)
Batting: RHB Ricardo Pulido 0-0: Called Strike
0-1: Ball
1-1: Foul Ball, location: 2F
1-2: Strikes out swinging
Batting: RHB Emanuel Bree 0-0: Ground out 6-3 (Groundball, 6)
Top of the 8th over - 0 runs, 0 hits, 0 errors, 0 left on base; Long Island 5 - Salem 1
BOTTOM OF THE 8TH
Salem Misfits batting - Pitching for Long Island Seawolves : RHP Winston Wenham
Batting: RHB Octávio Pineda 0-0: Called Strike
0-1: Ground out 5-3 (Groundball, 56S)
Batting: RHB César Ramos 0-0: Swinging Strike
0-1: Ball
1-1: Ground out 5-3 (Groundball, 56)
Batting: RHB Jorge Gómez 0-0: Swinging Strike
0-1: Fly out, F7 (Line Drive, 78S)
Bottom of the 8th over - 0 runs, 0 hits, 0 errors, 0 left on base; Long Island 5 - Salem 1
TOP OF THE 9TH
Long Island Seawolves batting - Pitching for Salem Misfits : RHP Zach Wells
Pitching: LHP León Vallejo
Batting: LHB Greg Watkins 0-0: Called Strike
0-1: Foul Ball, location: 2F
0-2: Ball
1-2: Ball
2-2: Ground out U3 (Groundball, 34)
Batting: RHB Dale Quick 0-0: Ground out U3 (Groundball, 3)
Batting: SHB Josh Sanders 0-0: Ball
1-0: Called Strike
1-1: Ball
2-1: Ball
3-1: Called Strike
3-2: Strikes out swinging
Top of the 9th over - 0 runs, 0 hits, 0 errors, 0 left on base; Long Island 5 - Salem 1
BOTTOM OF THE 9TH
Salem Misfits batting - Pitching for Long Island Seawolves : RHP Winston Wenham
Batting: RHB Robinson Barquero 0-0: Foul Ball, location: 2F
0-1: Ground out 3-1 (Groundball, 34)
Batting: RHB Vicente Andros 0-0: Foul Ball, location: 2F
0-1: Ball
1-1: Foul Ball, location: 2F
1-2: Ball
2-2: Fly out, F8 (Flyball, 89M)
Batting: LHB Rodrigo Gómez 0-0: Ball
1-0: SINGLE (Flyball, 9LS)
Batting: RHB Austin Case 0-0: Called Strike
0-1: DOUBLE (Line Drive, 7LM)
Rodrigo Gómez to third
Pitching: RHP John Kraan
Batting: LHB Tyler Knopp 0-0: Fly out, F9 (Flyball, 89M)
Bottom of the 9th over - 0 runs, 2 hits, 0 errors, 2 left on base; Long Island 5 - Salem 1
Sunday, March 18th, 2018 - OOTP Baseball 18.8 Build 76